 Dungeon Crawl Stone Soup version 0.31.0-11-ge490571c62 (webtiles) character file.

Game seed: 13246477715128116548

99 qw the Shooter (level 4, 0/25 HPs)
             Began as a Deep Elf Hunter on Feb 5, 2024.
             Incinerated by a bombardier beetle (5 damage)
             ... with a burning spray
             ... on level 4 of the Dungeon.
             The game lasted 00:00:06 (2226 turns).

qw the Shooter (Deep Elf Hunter)                    Turns: 2226, Time: 00:00:07

Health: 0/25       AC:  6    Str: 10    XL:     4   Next: 45%
Magic:  6/6        EV: 11    Int: 14    God:
Gold:   61         SH:  0    Dex: 18    Spells: 3/3 levels left

rFire   . . .        a - +0 shortbow (flame)
rCold   . . .        (shield currently unavailable)
rNeg    . . .        k - +1 ring mail
rPois   .            (no helmet)
rElec   .            (no cloak)
rCorr   .            (no gloves)
SInv    +            (no boots)
Will    .....        (no amulet)
Stlth   +            b - ring of see invisible
HPRegen 0.24/turn    (no ring)
MPRegen 0.10/turn

%: no passive effects
@: on fire, glowing
A: no striking features
a: no special abilities


You were on level 4 of the Dungeon.
You visited 1 branch of the dungeon, and saw 4 of its levels.

You collected 105 gold pieces.
You spent 44 gold pieces at shops.


   Skills:
 - Level 1.5 Fighting
 + Level 7.9 Ranged Weapons
 - Level 2.4 Dodging
 - Level 1.2 Stealth


You had 3 spell levels left.
You didn't know any spells.
Your spell library was empty.

Inventory:

Hand Weapons
 a - a +0 shortbow of flaming (weapon)
Armour
 k - a +1 ring mail (worn)
Jewellery
 b - a ring of see invisible (left hand)
Potions
 l - 2 potions of curing

Dungeon Overview and Level Annotations

Branches:
Dungeon (4/15)
 Temple: D:4-7

Altars:

Shops:
D:2 ?


Message History

The arrow hits the bombardier beetle but does no damage.
An orc comes into view. It is wielding a +0 flail.
The orc barely misses you.
You shoot an arrow. The arrow hits the bombardier beetle.
The arrow burns the bombardier beetle.
The bombardier beetle is lightly wounded.
The bombardier beetle sprays incendiary fluid at you.
The burning spray hits you.
You are covered in liquid fire!
The orc barely misses you.
You shoot an arrow. The arrow hits the bombardier beetle.
The arrow burns the bombardier beetle.
The bombardier beetle is moderately wounded.
The liquid fire burns you! The orc barely misses you.
The bombardier beetle bites you but does no damage.
You shoot an arrow. The arrow hits the bombardier beetle.
The arrow burns the bombardier beetle.
The bombardier beetle is heavily wounded.
The liquid fire burns you!
An orc wizard comes into view. It is wielding a +0 dagger.
The orc hits you with a +0 flail.
You shoot an arrow.
The arrow closely misses the bombardier beetle.
The liquid fire burns you!
You hear a shout!
The orc hits you but does no damage.
The bombardier beetle bites you but does no damage.
You shoot an arrow. The arrow hits the bombardier beetle.
The arrow burns the bombardier beetle.
The bombardier beetle is almost dead.
The liquid fire burns you! The orc hits you with a +0 flail.
An orc wizard comes into view. It is wielding a +0 dagger.
The orc barely misses you.
The bombardier beetle barely misses you.
2226 ||| RETREEEEATING.
You shake off some of the fire as you move.
The liquid fire burns you!
You die...

#<# #########.#
........#.########
#######>..........
## ##...######.
#.#####..#.#
#....#..##.#
#..#.o.###.#
#.@#B.o.#.#
##..o##....# ##o##
#.#..# ...# ..#.#
..##.) ... ..#
##.# #.# . .. .#
#.. #.


You could see an orc wizard and 2 orcs.

Vanquished Creatures
  A hound (D:4)
  2 gnolls (D:4)
  An adder (D:3)
  A dart slug (D:1)
  2 endoplasms (D:1)
  2 giant cockroaches (D:3)
  3 hobgoblins
  6 jackals (D:1)
  2 quokkas
  3 ball pythons
  5 bats
  3 frilled lizards
  5 goblins
  3 kobolds
39 creatures vanquished.

Notes
Turn   | Place    | Note
-------+----------+-------------------------------------------
     0 | D:1      | qw the Deep Elf Hunter began the quest for the Orb.
     0 | D:1      | Reached XP level 1. HP: 12/12 MP: 3/3
     0 | D:1      | 0 ||| qw: Version: 0.3-a-160-g6735b56
     0 | D:1      | 0 ||| qw: Game counter: 6215
     0 | D:1      | 0 ||| qw: Melee chars always use a shield: true
     0 | D:1      | 0 ||| qw: God list: Okawaru
     0 | D:1      | 0 ||| qw: Allow faded altars: false
     0 | D:1      | 0 ||| qw: Do Orc after clearing Dungeon:15 true
     0 | D:1      | 0 ||| qw: Do second Lair branch before Depths: true
     0 | D:1      | 0 ||| qw: Lair rune preference: random
     0 | D:1      | 0 ||| qw: Goals: Normal
     0 | D:1      | 0 ||| PLANNING D:1-11
    98 | D:1      | Reached XP level 2. HP: 16/16 MP: 4/4
   125 | D:1      | Reached skill level 6 in Ranged Weapons
   203 | D:1      | HP: 4/16 [jackal (2)]
   204 | D:1      | HP: 1/16 [jackal (3)]
   725 | D:1      | 725 ||| UPGRADING to +0 ring mail.
   735 | D:1      | 735 ||| DROPPING +0 leather armour.
   736 | D:1      | 736 ||| READING scroll labelled SOOBBU WACEFOI.
   837 | D:1      | 837 ||| READING scroll labelled YQUMUO ITHRINA.
   838 | D:1      | 838 ||| READING scroll labelled LUSTRU ROIGHEQ.
   838 | D:1      | 838 ||| BRANDING +0 shortbow.
   839 | D:1      | 839 ||| READING 2 scrolls labelled KAIC OGGUHIOTEU.
   840 | D:1      | 840 ||| READING 2 scrolls labelled DOADOZX IRUMEKH.
   840 | D:1      | 840 ||| IDENTIFYING red potion
   841 | D:1      | 841 ||| READING scroll of identify.
   841 | D:1      | 841 ||| IDENTIFYING pink potion
   842 | D:1      | 842 ||| READING scroll labelled ZAPOSK SYSU.
   872 | D:1      | 872 ||| DROPPING scroll of butterflies.
   873 | D:1      | 873 ||| DROPPING scroll of noise.
   874 | D:1      | 874 ||| DROPPING potion of lignification.
  1039 | D:2      | Found Hedghom's Magic Scroll Emporium.
  1049 | D:2      | 1049 ||| SHOPLISTING scroll of enchant armour (82 gold,
                  | have 58).
  1049 | D:2      | 1049 ||| SHOPLISTING scroll of enchant weapon (82 gold,
                  | have 58).
  1049 | D:2      | 1049 ||| BUYING scroll of identify (22 gold).
  1049 | D:2      | Bought a scroll of identify for 22 gold pieces
  1049 | D:2      | 1049 ||| BUYING scroll of identify (22 gold).
  1049 | D:2      | Bought a scroll of identify for 22 gold pieces
  1049 | D:2      | 1049 ||| SHOPLISTING scroll of identify (22 gold, have 14).
  1052 | D:2      | Reached XP level 3. HP: 20/20 MP: 5/5
  1129 | D:2      | Found a faded altar of an unknown god.
  1311 | D:2      | 1311 ||| READING 2 scrolls of identify.
  1311 | D:2      | 1311 ||| IDENTIFYING lumpy golden potion
  1312 | D:2      | 1312 ||| READING scroll of identify.
  1312 | D:2      | 1312 ||| IDENTIFYING glowing green potion
  1313 | D:2      | 1313 ||| DROPPING potion of brilliance.
  1314 | D:2      | 1314 ||| DROPPING potion of ambrosia.
  1703 | D:3      | 1703 ||| UPGRADING to ring of see invisible.
  1728 | D:3      | Reached skill level 7 in Ranged Weapons
  2136 | D:3      | 2136 ||| READING scroll labelled UNIARU LITANA.
  2137 | D:3      | 2137 ||| READING scroll labelled NOXAASUOPH.
  2137 | D:3      | 2137 ||| ENCHANTING +0 ring mail.
  2138 | D:3      | 2138 ||| READING scroll labelled ISMUACOGUR.
  2212 | D:4      | Reached XP level 4. HP: 25/25 MP: 6/6
  2225 | D:4      | HP: 6/25 [burnt (6)]
  2226 | D:4      | 2226 ||| RETREEEEATING.
  2226 | D:4      | Incinerated by a bombardier beetle

Levels and vault maps discovered:
D:1:      dpeg_arrival_simpleton_c, layout_loops_ring, minmay_liquid_box,
          chequers_serial_rivers_micro_a
D:2:      layout_basic, serial_shops, nicolae_square_shop,
          hellmonk_ecumenical_altar_heavens_door, minmay_statues_item
D:3:      layout_loops_corners, nicolae_eternal_life
D:4:      layout_rooms, uniq_grinder

Skill      XL: |  1  2  3 |
---------------+----------+-----
Ranged Weapons | 6 7 |  7.9
Fighting       | |  1.5
Dodging        | |  2.4
Stealth        | |  1.2

Action                     |  1- 3 |  4- 6 || total
---------------------------+-------+-------++-------
   Fire: Shortbow          |    88 |    14 ||   102
    Use: Scroll            |    12 |       ||    12
 Armour: Leather armour    |    21 |       ||    21
         Ring mail         |     5 |     5 ||    10
  Dodge: Dodged            |    25 |     5 ||    30

Table legend:
 A = Non-vault XP
 B = Vault XP
 C = Vault XP percentage of total XP
 D = Non-vault monster count
 E = Vault monster count
 F = Vault count percentage of total count
                 A         B        C        D         E       F
            +---------+---------+-------+---------+---------+-------
      Total |     142 |       0 |   0.0 |      39 |       0 |   0.0
            +---------+---------+-------+---------+---------+-------
        D:1 |      33 |       0 |   0.0 |      19 |       0 |   0.0
        D:2 |      10 |       0 |   0.0 |       6 |       0 |   0.0
        D:3 |      27 |       0 |   0.0 |      11 |       0 |   0.0
        D:4 |      72 |       0 |   0.0 |       3 |       0 |   0.0
            +---------+---------+-------+---------+---------+-------
